 Dungeon Crawl Stone Soup version 0.24-a0-582-g4d4af813a0 (webtiles) character file.

Game seed: 7247990386853241291

279462 DEFE the Fencer (level 21, -2/174 HPs)
             Began as a Human Skald on Aug 27, 2019.
             Was a High Priest of Sif Muna.
             Killed from afar by a frost giant (10 damage)
             ... with a bolt of cold
             ... on level 3 of the Vaults.
             The game lasted 01:36:39 (58986 turns).

DEFE the Fencer (Human Skald)                      Turns: 58986, Time: 01:36:40

Health: -2/174     AC: 27    Str: 25    XL:     21   Next: 31%
Magic:  33/33      EV: 19    Int: 13    God:    Sif Muna [*****.]
Gold:   1295       SH:  0    Dex: 23    Spells: 23/24 levels left

rFire    + . .     SeeInvis .   a - +7 great sword of the Hummingbird {drain, rPois rN+ Dex+4}
rCold    + . .     Gourm    .   (shield currently unavailable)
rNeg     + . .     Faith    .   l - +1 chain mail {rF+}
rPois    +         Spirit   .   S - +2 helmet
rElec    +         Reflect  .   P - scarf {cloud immunity}
rCorr    .         Harm     .   L - +2 pair of gloves {Dex+3}
MR       +++..     Clarity  +   p - +2 pair of boots {Fly}
Stlth    ..........             T - necklace of Bloodlust {*Rage +Rage MR++ Int-3 Slay+6 *Curse} (curse)
HPRegen  0.39/turn              E - ring of Plog {AC+3 Str+5 Int-2 Dex+2 Stlth+}
MPRegen  0.23/turn              O - ring of Datz {rElec rC+ Int+4}

@: lethally poisoned (-2 -> -3), about to teleport, berserk cooldown, flying,
slowed, very slow
A: clarity, deterioration 1
}: 2/15 runes: decaying, serpentine
a: Channel Magic, Forget Spell, Divine Exegesis, Renounce Religion, Evoke
Berserk Rage, Stop Flying


You were on level 3 of the Vaults.
You worshipped Sif Muna.
Sif Muna was extremely pleased with you.
You were not hungry.

You visited 7 branches of the dungeon, and saw 35 of its levels.
You also visited: Gauntlet.

You collected 3796 gold pieces.
You spent 2501 gold pieces at shops.

Inventory:

Hand Weapons
 a - the +7 great sword of the Hummingbird (weapon) {drain, rPois rN+ Dex+4}
   (You bought it in a shop on level 10 of the Dungeon)

   A truly terrible weapon, it drains the life of those it strikes.
   It affects your dexterity (+4).
   It protects you from poison.
   It protects you from negative energy.
 b - a +0 great sword of flaming
 m - a +5 great sword of holy wrath
 w - a +5 triple sword of electrocution
Missiles
 i - 19 silver javelins
 R - 76 poisoned darts (quivered)
Armour
 l - a +1 chain mail of fire resistance (worn)
 p - a +2 pair of boots of flying (worn)
 x - a +2 buckler
 L - a +2 pair of gloves of dexterity (worn)
 P - a scarf of cloud immunity (worn)
 S - a +2 helmet (worn)
Jewellery
 j - an uncursed ring of poison resistance
 D - an uncursed ring of ice
 E - the ring of Plog (left hand) {AC+3 Str+5 Int-2 Dex+2 Stlth+}
   (You found it on level 15 of the Dungeon)

   [ring of protection]

   It affects your AC (+3).
   It affects your strength (+5).
   It affects your intelligence (-2).
   It affects your dexterity (+2).
   It makes you more stealthy.
 J - an uncursed ring of see invisible
 O - the ring of Datz (right hand) {rElec rC+ Int+4}
   (You bought it in a shop on level 2 of the Orcish Mines)

   [ring of protection from cold]

   It affects your intelligence (+4).
   It protects you from cold.
   It insulates you from electricity.
 T - the cursed necklace of Bloodlust (around neck) {*Rage +Rage MR++ Int-3 Slay+6 *Curse}
   (You found it in a Gauntlet)

   [amulet of rage]

   It affects your intelligence (-3).
   It affects your accuracy and damage with ranged weapons and melee attacks
   (+6).
   It affects your resistance to hostile enchantments.
   It lets you go berserk.
   It may make you go berserk in combat.
   It curses itself when equipped.
   It has a curse placed upon it.
 Z - a +5 ring of evasion
Wands
 y - a wand of paralysis (12)
 A - a wand of clouds (2)
 F - a wand of disintegration (33)
 G - a wand of iceblast (6)
 V - a wand of digging (7)
 X - a wand of acid (15)
Scrolls
 c - 8 scrolls of amnesia
 h - 7 scrolls of enchant armour
 n - 2 scrolls of silence
 o - 4 scrolls of immolation
 q - 10 scrolls of fog
 r - 7 scrolls of magic mapping
 t - 2 scrolls of holy word
 B - 4 scrolls of teleportation
 C - 8 scrolls of remove curse
 M - a scroll of brand weapon
 Q - 2 scrolls of identify
 U - 3 scrolls of fear
Potions
 e - 4 potions of heal wounds
 f - 2 potions of haste
 g - 5 potions of flight
 k - 8 potions of lignification
 s - a potion of resistance
 u - 19 potions of curing
 v - 6 potions of mutation
 z - 2 potions of agility
 H - a potion of ambrosia
 I - 2 potions of magic
 K - a potion of cancellation
 N - 3 potions of brilliance
 Y - 2 potions of might
Miscellaneous
 W - a lamp of fire
Comestibles
 d - 12 rations


   Skills:
 - Level 17.1 Fighting
   Level 2.1(14.0) Short Blades
 + Level 20.4(20.5) Long Blades
 - Level 2.0 Throwing
 + Level 12.8 Armour
 + Level 12.8 Dodging
 - Level 2.0 Spellcasting
 - Level 3.1 Charms
 - Level 16.0 Invocations
 - Level 10.0 Evocations


You had 23 spell levels left.
You knew the following spells:

 Your Spells              Type           Power        Failure   Level  Hunger
a - Infusion              Chrm           #...         30%         1    ##.....

Your spell library contained the following spells:

 Spells                   Type           Power        Failure   Level  Hunger
 Song of Slaying          Chrm           #.......     43%         2    ###....
 Shroud of Golubria       Chrm/Tloc      #.....       65%         2    ###....
 Swiftness                Chrm/Air       #.......     65%         2    ###....
 Animate Skeleton         Necr           N/A          73%         1    ##.....
 Apportation              Tloc           #.....       73%         1    ##.....
 Beastly Appendage        Tmut           #.....       73%         1    ##.....
 Confusing Touch          Hex            #.....       73%         1    ##.....
 Flame Tongue             Conj/Fire      #....        73%         1    ##.....
 Freeze                   Ice            #...         73%         1    ##.....
 Magic Dart               Conj           #...         73%         1    ##.....
 Pain                     Necr           #...         73%         1    ##.....
 Shock                    Conj/Air       #...         73%         1    ##.....
 Sting                    Conj/Pois      #...         73%         1    ##.....
 Summon Small Mammal      Summ           #...         73%         1    ##.....
 Call Imp                 Summ           #.......     86%         2    ###....
 Passwall                 Tmut/Erth      #.......     86%         2    ###....
 Poisonous Vapours        Pois/Air       #.....       86%         2    ###....
 Searing Ray              Conj           #.....       86%         2    ###....
 Sticks to Snakes         Tmut           #.......     86%         2    ###....
 Throw Flame              Conj/Fire      #.....       86%         2    ###....
 Throw Frost              Conj/Ice       #.....       86%         2    ###....
 Ozocubu's Armour         Chrm/Ice       #.......     87%         3    ####...
 Regeneration             Chrm/Necr      #.........   87%         3    ####...
 Spectral Weapon          Hex/Chrm       #.......     87%         3    ####...
 Call Canine Familiar     Summ           #.......     97%         3    ####...
 Conjure Flame            Conj/Fire      #.......     97%         3    ####...
 Dazzling Spray           Conj/Hex       #.....       97%         3    ####...
 Gell's Gravitas          Tloc           #.........   97%         3    ####...
 Ignite Poison            Fire/Tmut/Pois #.......     97%         3    ####...
 Inner Flame              Hex/Fire       #.......     97%         3    ####...
 Mephitic Cloud           Conj/Pois/Air  #.......     97%         3    ####...
 Portal Projectile        Hex/Tloc       #.....       97%         3    ####...
 Spider Form              Tmut/Pois      #.........   97%         3    ####...
 Summon Guardian Golem    Hex/Summ       #.......     97%         3    ####...
 Vampiric Draining        Necr           #.........   97%         3    ####...
 Animate Dead             Necr           N/A          100%        4    #####..
 Cause Fear               Hex            #.........   100%        4    #####..
 Force Lance              Conj/Tloc      #.......     100%        4    #####..
 Fulminant Prism          Conj/Hex       #.........   100%        4    #####..
 Ice Form                 Ice/Tmut       #.......     100%        4    #####..
 Iskenderun's Mystic Bla  Conj           #.......     100%        4    #####..
 Passage of Golubria      Tloc           N/A          100%        4    #####..
 Sticky Flame             Conj/Fire      #.......     100%        4    #####..
 Summon Ice Beast         Ice/Summ       #.......     100%        4    #####..
 Summon Lightning Spire   Summ/Air       #.......     100%        4    #####..
 Throw Icicle             Conj/Ice       #.......     100%        4    #####..
 Alistair's Intoxication  Tmut/Pois      #.......     100%        5    ######.
 Blade Hands              Tmut           #.........   100%        5    ######.
 Bolt of Magma            Conj/Fire/Erth #.........   100%        5    ######.
 Fireball                 Conj/Fire      #.........   100%        5    ######.
 Iskenderun's Battlesphe  Conj/Chrm      #.......     100%        5    ######.
 Lee's Rapid Deconstruct  Erth           #.........   100%        5    ######.
 Silence                  Hex/Air        #.........   100%        5    ######.
 Summon Mana Viper        Hex/Summ       #.......     100%        5    ######.
 Yara's Violent Unravell  Hex/Tmut       #.........   100%        5    ######.
 Bolt of Fire             Conj/Fire      #.........   100%        6    #######
 Conjure Ball Lightning   Conj/Air       #.........   100%        6    #######
 Darkness                 Hex            #.........   100%        6    #######
 Deflect Missiles         Chrm/Air       #.........   100%        6    #######
 Dispersal                Tloc           #.........   100%        6    #######
 Invisibility             Hex            #.......     100%        6    #######
 Iron Shot                Conj/Erth      #.........   100%        6    #######
 Poison Arrow             Conj/Pois      #.........   100%        6    #######
 Shadow Creatures         Summ           N/A          100%        6    #######
 Malign Gateway           Summ/Tloc      #.........   100%        7    #######
 Ring of Flames           Chrm/Fire      #.........   100%        7    #######
 Spellforged Servitor     Conj/Summ      #.........   100%        7    #######
 Controlled Blink         Tloc           N/A          100%        8    #######
 Disjunction              Tloc           #.........   100%        8    #######
 Ignition                 Fire           #.........   100%        8    #######
 Glaciate                 Conj/Ice       #.........   100%        9    #######
 Tornado                  Air            #.........   100%        9    #######


Dungeon Overview and Level Annotations

Branches:
Dungeon (15/15)            Temple (1/1) D:4            Lair (6/6) D:10
  Swamp (4/4) Lair:3        Snake (4/4) Lair:2        Slime (0/5) Lair:5
    Orc (2/2) D:9             Elf (0/3) Orc:2        Vaults (3/5) D:13
  Crypt (0/3) Vaults:2     Depths (0/5) D:15        Gauntlet (visited)

Altars:
Ashenzari
Cheibriados
Dithmenos
Elyvilon
Fedhas
Gozag
Hepliaklqana
Kikubaaqudgha
Makhleb
Nemelex Xobeh
Okawaru
Qazlal
Ru
Sif Muna
Trog
Uskayaw
Vehumet
Wu Jian
Xom
Yredelemnul
Zin
The Shining One
Beogh
Jiyva

Shops:
D:8 :(**   D:9 [   D:10 (   D:11 :   D:13 =[*   Orc:1 *   Orc:2 (=*[%
Vaults:1 %

Annotations:
D:7 1 runed translucent door, skumtomte's ghost, novice GnCj
D:9 exclusion: door
Lair:2 exclusion: 2 oklob plants
Swamp:4 2 runed translucent doors, kr4n3's ghost, adept DsFi
Vaults:3 Boris


Innate Abilities, Weirdness & Mutations

You possess an exceptional clarity of mind.
Your body sometimes deteriorates upon taking damage.


Message History

The frost giant gestures at you while chanting.
The bolt of cold hits you. You resist.
* * * LOW HITPOINT WARNING * * *
The frost giant points at you and mumbles some strange words.
The bolt of cold hits you! You resist.
* * * LOW HITPOINT WARNING * * *
You take 29 damage, and have 18/174 hp.
Unknown command.
Unknown command.
You feel much better. Something hits you but does no damage.
The sphinx mumbles some strange words.
Something smites you!
* * * LOW HITPOINT WARNING * * *
The frost giant hits you with a +3 battleaxe of freezing!
* * * LOW HITPOINT WARNING * * *
The frost giant freezes you.
* * * LOW HITPOINT WARNING * * *
The frost giant casts a spell at you. The bolt of cold hits you! You resist.
You die...

....#.## .....#.#
....#..######### .
.))).#.#.......# ..
.).[#.##.......# ...
.#)#)#.#.......# ##HC..
#.#.#)##.......###pp.#..
...#.#.'.......+CCpOR...
#'######.......+@{XZ....
..# ###########p..#..
..# #.... ..# ... ..# .
..# ..# #############
#..))......#


You could see a tentacled monstrosity, 2 frost giants, a sphinx, a stone giant,
a rakshasa, an ogre mage, a vault sentinel, 3 ironbrand convokers and an
ironheart preserver simulacrum.

Vanquished Creatures
  Vashnia (Snake:2)
  Nikola (Swamp:4)
  Rupert (Lair:3)
  A tentacled monstrosity (Vaults:3)
  Asterion (Vaults:3)
  Gastronok (Lair:3)
  An ancient champion (Vaults:2)
  A thorn hunter (Swamp:4)
  Donald (Swamp:4)
  A revenant (Vaults:2)
  2 fire giants
  A curse skull (Vaults:2)
  11 nagarajas (Snake:4)
  Aizul (Snake:3)
  An orc warlord (Orc:2)
  7 vault wardens
  Louise (Snake:2)
  5 very ugly things (Vaults:2)
  5 ironheart preservers
  2 stone giants
  Snorg (Lair:3)
  2 great orbs of eyes
  3 yaktaur captains
  A rakshasa (Vaults:1)
  Fannar (Lair:2)
  Harold (D:7)
  3 fire dragons
  A vault guard (Vaults:3)
  2 ice dragons
  20 hydras
  7 naga warriors
  5 anacondas
  5 shambling mangroves
  8 ogre magi
  A ghost crab (Swamp:3)
  28 two-headed ogres
  A death knight (Vaults:1)
  An anaconda (shapeshifter) (Vaults:1)
  2 dancing weapons (D:13)
  4 centaur warriors
  16 naga sharpshooters
  12 alligators
  A deep troll shaman (Vaults:3)
  An orc high priest (Orc:2)
  5 spriggans
  A deep troll earth mage (Vaults:3)
  2 deep elf knights
  5 shock serpents
  Sonja (Lair:5)
  Nergalle (Orc:1)
  A salamander mystic (Snake:4)
  A fire crab (shapeshifter) (Vaults:1)
  A shadow wraith (Vaults:3)
  4 skeletal warriors
  8 ironbrand convokers
  2 spriggan druids (Swamp:3)
  A deep troll (Vaults:3)
  8 sea snakes (Snake:4)
  11 swamp dragons
  An unseen horror (D:14)
  5 wizards
  4 naga ritualists
  A phantasmal warrior (Vaults:1)
  2 deep elf archers (Vaults:3)
  5 harpies (Vaults:1)
  A lindwurm (Lair:6)
  11 mana vipers
  2 necromancers
  12 orc knights
  14 ugly things
  13 salamanders
  A shining eye (shapeshifter) (Vaults:1)
  5 wolf spiders
  4 orc sorcerers
  A frost giant zombie (Vaults:1)
  A deep elf mage (Vaults:3)
  3 manticores
  5 cyclopes
  A stone giant skeleton (Vaults:1)
  16 naga magi
  6 vault sentinels
  35 black mambas
  Psyche (D:8)
  8 guardian serpents
  A spiny frog (shapeshifter) (Vaults:1)
  A gargoyle (Gauntlet)
  3 kobold demonologists
  2 molten gargoyles (Lair:6)
  12 spiny frogs
  6 rime drakes
  A rime drake (shapeshifter) (D:13)
  13 komodo dragons
  6 freezing wraiths
  22 yaktaurs
  A yaktaur (shapeshifter) (Vaults:1)
  3 meliai (D:13)
  A tengu conjurer (D:15)
  11 trolls
  8 blink frogs
  14 hornets
  6 tyrant leeches
  21 hippogriffs
  18 slime creatures
  A meliai zombie (D:14)
  A fire giant simulacrum (Vaults:1)
  10 bog bodies
  2 wraiths
  3 steam dragons
  46 yaks
  A human (D:7)
  16 wyverns
  2 hungry ghosts
  2 hogs
  9 basilisks
  2 chaos spawn (Gauntlet)
  A neqoxec (Gauntlet)
  An elf skeleton (Vaults:1)
  56 nagas
  24 vampire mosquitoes
  15 swamp worms
  5 insubstantial wisps (Swamp:1)
  2 wargs
  2 acid dragons
  A soldier ant (D:14)
  6 water moccasins
  4 hell hounds
  4 porcupines
  A hornet zombie (D:12)
  3 sky beasts
  A black bear (Lair:3)
  17 swamp drakes
  43 orc warriors
  An ice beast (D:15)
  8 boggarts
  2 necrophages
  24 ogres
  3 eyes of draining
  23 wolves
  7 centaurs
  11 crocodiles
  4 big kobolds
  A human zombie (Vaults:1)
  A wyvern zombie (D:10)
  17 bullfrogs
  2 gnoll sergeants
  A human simulacrum (Vaults:2)
  A wyvern skeleton (D:10)
  A scorpion (D:8)
  6 killer bees (D:13)
  19 wights
  A bullfrog zombie (D:7)
  5 howler monkeys
  4 lava snakes (Lair:6)
  4 centaur zombies
  9 crimson imps
  9 hounds
  26 orc wizards
  3 centaur skeletons
  24 orc priests
  7 jellies
  A bullfrog skeleton (D:13)
  8 iguanas
  11 worker ants
  A howler monkey skeleton (D:8)
  12 gnolls
  9 adders
  2 shadow imps
  An ooze (D:2)
  An adder zombie (D:5)
  An adder skeleton (D:4)
  A worm (D:5)
  2 dart slugs (D:2)
  4 leopard geckos
  108 orcs
  11 bats
  5 giant cockroaches
  9 goblins
  8 hobgoblins
  7 jackals
  3 quokkas
  2 ball pythons
  7 frilled lizards
  25 kobolds
  7 rats
  A fungus (Lair:3)
1285 creatures vanquished.

Vanquished Creatures (collateral kills)
  A minotaur (Gauntlet)
1 creature vanquished.

Vanquished Creatures (others)
  A spriggan (Swamp:4)
  A guardian serpent (Snake:4)
  A hornet (Swamp:4)
  A vampire mosquito (Swamp:4)
  A basilisk (Lair:6)
  A boggart (Vaults:2)
  6 demonic plants (Gauntlet)
  7 fungi
  7 plants
26 creatures vanquished.

Grand Total: 1312 creatures vanquished

Notes
Turn   | Place    | Note
-------+----------+-------------------------------------------
     0 | D:1      | DEFE the Human Skald began the quest for the Orb.
     0 | D:1      | Reached XP level 1. HP: 16/16 MP: 3/3
   184 | D:1      | Reached XP level 2. HP: 18/22 MP: 5/5
   889 | D:2      | Reached XP level 3. HP: 18/27 MP: 6/6
  1179 | D:2      | Found a blossoming altar of Fedhas.
  1183 | D:2      | Reached skill level 3 in Long Blades
  1206 | D:2      | Reached XP level 4. HP: 33/33 MP: 7/7
  2191 | D:3      | HP: 1/33 [orc priest/+0 club (4)]
  2194 | D:3      | Reached XP level 5. HP: 2/38 MP: 8/8
  2727 | D:3      | Reached skill level 4 in Long Blades
  3633 | D:4      | Reached XP level 6. HP: 25/44 MP: 9/9
  3967 | D:4      | Noticed an ogre
  4262 | D:4      | Found a staircase to the Ecumenical Temple.
  4268 | Temple   | Entered the Ecumenical Temple
  4444 | D:4      | Killed an ogre
  4444 | D:4      | Reached skill level 1 in Throwing
  4852 | D:4      | You fall into a shaft and drop 2 floors!
  5021 | D:6      | Noticed an ice beast
  5431 | D:5      | Entered Level 5 of the Dungeon
  5456 | D:5      | Noticed a sky beast
  5517 | D:5      | Killed a sky beast
  5517 | D:5      | Reached XP level 7. HP: 24/50 MP: 10/10
  5647 | D:4      | Reached skill level 5 in Long Blades
  6587 | D:5      | Reached XP level 8. HP: 50/56 MP: 11/11
  6637 | D:4      | Reached skill level 6 in Long Blades
  7024 | D:5      | Found a bloodstained altar of Trog.
  7187 | D:5      | Found a stormy altar of Qazlal.
  7187 | D:5      | Noticed a water elemental
  7190 | D:5      | Noticed an air elemental
  7190 | D:5      | Noticed a fire elemental
  7862 | D:5      | Reached skill level 5 in Dodging
  8003 | D:4      | Reached skill level 7 in Long Blades
  8592 | D:5      | Found a snail-covered altar of Cheibriados.
  8658 | D:5      | Reached skill level 5 in Armour
  8685 | D:5      | Found a white marble altar of Elyvilon.
  8931 | D:6      | Reached XP level 9. HP: 61/61 MP: 12/12
  9334 | D:7      | Found an ornate altar of the Wu Jian Council.
  9345 | D:7      | Found a sacrificial altar of Ru.
  9346 | D:7      | Found a runed translucent door.
  9510 | D:7      | Noticed skumtomte's ghost (novice GnCj)
  9625 | D:7      | Reached skill level 8 in Long Blades
  9690 | D:7      | Noticed a hippogriff
  9700 | D:7      | Killed a hippogriff
 10065 | D:7      | Noticed Harold
 10088 | D:7      | Killed Harold
 10088 | D:7      | Reached skill level 9 in Long Blades
 10088 | D:7      | Reached XP level 10. HP: 38/66 MP: 13/13
 10105 | D:7      | Found a burning altar of Makhleb.
 10861 | D:8      | Reached skill level 10 in Long Blades
 10933 | D:8      | Noticed Psyche
 11784 | D:8      | Found Iqayfru's Distillery.
 11787 | D:8      | Bought a potion of resistance for 100 gold pieces
 11787 | D:8      | Bought a potion of degeneration for 10 gold pieces
 11787 | D:8      | Bought a potion of curing for 30 gold pieces
 11787 | D:8      | Bought a potion of mutation for 80 gold pieces
 11787 | D:8      | Bought a potion of cancellation for 80 gold pieces
 11787 | D:8      | Bought a potion of curing for 30 gold pieces
 11787 | D:8      | Bought a potion of agility for 40 gold pieces
 11787 | D:8      | Bought a potion of curing for 30 gold pieces
 12074 | D:8      | Found Garghiof's Book Shop.
 12175 | D:8      | Found Bumim's Antique Weapon Shoppe.
 12222 | D:8      | Bought a glowing long sword for 175 gold pieces
 12231 | D:8      | Found Vepoboc's General Store.
 12365 | D:8      | Killed Psyche
 12372 | D:8      | Found Teraifez's General Store.
 12977 | D:9      | Reached skill level 11 in Long Blades
 12977 | D:9      | Reached XP level 11. HP: 17/71 MP: 14/14
 13548 | D:9      | Found Uwnaraxi's Armour Shoppe.
 13569 | D:9      | Bought a scarf of cloud immunity for 112 gold pieces
 13670 | D:9      | Reached skill level 1 in Evocations
 13902 | D:9      | Found a staircase to the Orcish Mines.
 14358 | D:9      | Found a shimmering blue altar of Sif Muna.
 14362 | D:9      | Became a worshipper of Sif Muna the Loreminder
 14928 | D:10     | Entered Level 10 of the Dungeon
 14934 | D:10     | Found a sacrificial altar of Ru.
 15547 | D:10     | Reached skill level 12 in Long Blades
 16872 | D:10     | Found Unnijo's Antique Weapon Shop.
 17763 | D:10     | Reached XP level 12. HP: 42/77 MP: 15/15
 17947 | D:10     | Reached * piety under Sif Muna
 18105 | D:10     | Found a staircase to the Lair.
 18505 | D:11     | Reached skill level 1 in Invocations
 18594 | D:11     | Noticed a wizard
 18803 | Lair:1   | Entered Level 1 of the Lair of Beasts
 19882 | Lair:1   | Reached skill level 13 in Long Blades
 20994 | Lair:2   | Found a staircase to the Snake Pit.
 21128 | Lair:2   | Reached ** piety under Sif Muna
 21494 | Lair:2   | Noticed Fannar
 21794 | Lair:2   | Killed Fannar
 22397 | D:10     | Bought an ebony great sword for 218 gold pieces
 22397 | D:10     | Identified the +7 great sword of the Hummingbird {drain,
                  | rPois rN+ Dex+4} (You bought it in a shop on level 10 of
                  | the Dungeon)
 22511 | D:11     | Paralysed by a wizard for 2 turns
 22513 | D:11     | Killed a wizard
 22525 | D:11     | Reached skill level 10 in Dodging
 22780 | D:11     | Found Vicleleor's Book Shop.
 22796 | D:11     | Reached skill level 10 in Armour
 23265 | D:12     | Noticed a two-headed ogre
 23273 | D:12     | Killed a two-headed ogre
 23273 | D:12     | Reached XP level 13. HP: 58/82 MP: 16/16
 23301 | D:12     | Reached skill level 5 in Evocations
 23631 | D:12     | Reached skill level 14 in Long Blades
 24185 | D:13     | Reached skill level 1 in Short Blades
 24233 | D:13     | Reached *** piety under Sif Muna
 24687 | D:13     | Noticed a centaur warrior
 24694 | D:13     | Killed a centaur warrior
 25037 | D:13     | Noticed a seven-headed hydra
 25054 | D:13     | Killed an eight-headed hydra
 25440 | D:13     | Found a gate to the Vaults.
 25440 | D:13     | Found Humoh's Antique Armour Boutique.
 25615 | D:13     | Found Tico's Jewellery Shoppe.
 25707 | D:13     | Found Pimehir's General Store.
 27181 | D:13     | Reached skill level 5 in Fighting
 27181 | D:13     | Reached XP level 14. HP: 57/98 MP: 20/20
 28248 | D:14     | Reached **** piety under Sif Muna
 28355 | D:14     | Found a shattered altar of Ashenzari.
 28521 | D:15     | Entered Level 15 of the Dungeon
 28523 | D:15     | Got an ancient scimitar
 28524 | D:15     | Identified the +6 scimitar of the Onslaught {venom, Str+4
                  | Stlth+} (You found it on level 15 of the Dungeon)
 28654 | D:15     | Reached skill level 15 in Long Blades
 28726 | D:15     | Found a staircase to the Depths.
 28726 | D:15     | Noticed a fire giant
 28821 | D:15     | Killed a fire giant
 29052 | D:15     | Found an opulent altar of Gozag.
 29239 | D:15     | Got a smoking iron ring
 29730 | D:15     | Identified the ring of Plog {AC+3 Str+5 Int-2 Dex+2 Stlth+}
                  | (You found it on level 15 of the Dungeon)
 29894 | Lair:3   | Noticed Rupert
 29898 | Lair:3   | Paralysed by Rupert for 5 turns
 30073 | Lair:3   | Noticed Gastronok
 30137 | Lair:3   | Found a gate leading to a gauntlet.
 30140 | Lair:3   | Found a staircase to the Swamp.
 30171 | Gauntlet | Entered a Gauntlet
 30171 | Gauntlet | Found a transporter.
 30171 | Gauntlet | Found a transporter.
 30175 | Gauntlet | Found a transporter.
 30175 | Gauntlet | Found a transporter.
 30177 | Gauntlet | Found a large runed translucent door.
 30178 | Gauntlet | Found the cursed necklace of Bloodlust {*Rage +Rage MR++
                  | Int-3 Slay+6 *Curse}
 30178 | Gauntlet | Found a large runed translucent door.
 30179 | Gauntlet | Found a large runed translucent door.
 30179 | Gauntlet | Found a large runed translucent door.
 30179 | Gauntlet | Found a runed translucent door.
 30180 | Gauntlet | Found a large runed translucent door.
 30186 | Gauntlet | Found a transporter.
 30190 | Gauntlet | Found a large runed translucent door.
 30191 | Gauntlet | Found a large runed translucent door.
 30192 | Gauntlet | Found a large runed translucent door.
 30193 | Gauntlet | Found a runed translucent gate.
 30205 | Gauntlet | Found a transporter.
 30205 | Gauntlet | Found a transporter.
 30205 | Gauntlet | Found a transporter.
 30208 | Gauntlet | Found a transporter.
 30235 | Gauntlet | Found a transporter.
 30237 | Gauntlet | Found a runed translucent gate.
 30237 | Gauntlet | Found a runed translucent gate.
 30239 | Gauntlet | Found a large runed translucent door.
 30240 | Gauntlet | Found a large runed translucent door.
 30242 | Gauntlet | Found a transporter.
 30243 | Gauntlet | Found a large runed translucent door.
 30244 | Gauntlet | Found a large runed translucent door.
 30247 | Gauntlet | Found a runed translucent door.
 30258 | Gauntlet | Found a large runed translucent door.
 30258 | Gauntlet | Found a large runed translucent door.
 30259 | Gauntlet | Found a large runed translucent door.
 30260 | Gauntlet | Found a large runed translucent door.
 30265 | Gauntlet | Found a transporter.
 30302 | Gauntlet | Found a transporter.
 30316 | Gauntlet | Found a transporter.
 30418 | Gauntlet | Found a transporter.
 30439 | Gauntlet | Found a transporter.
 30539 | Gauntlet | Gained mutation: You possess an exceptional clarity of
                  | mind. [a neqoxec]
 30862 | Gauntlet | Identified the +4 ring mail "Jikiov" {rPois rF+ rC- MR++}
 30862 | Gauntlet | Noticed a minotaur
 30891 | Gauntlet | Killed a minotaur
 31069 | Gauntlet | Identified Vimoiss's Volume of Good Luck
 31072 | Gauntlet | Identified the Collected Works on Attacks and the Escort
 31239 | Lair:3   | Noticed Snorg
 31271 | Lair:3   | Killed Gastronok
 31282 | Lair:3   | Reached skill level 10 in Evocations
 31472 | Lair:3   | Killed Snorg
 31681 | Lair:3   | Killed Rupert
 31681 | Lair:3   | Reached XP level 15. HP: 110/110 MP: 22/22
 32291 | Lair:4   | Reached ***** piety under Sif Muna
 32421 | Lair:4   | Identified Sif Muna's Disquisition on Fetching
                  | Transformation (Sif Muna gifted it to you on level 4 of the
                  | Lair of Beasts)
 32421 | Lair:4   | Received a gift from Sif Muna
 33251 | Lair:5   | Reached skill level 16 in Long Blades
 33837 | Lair:5   | Noticed Sonja
 33841 | Lair:5   | Killed Sonja
 33865 | Lair:5   | Reached skill level 5 in Invocations
 34032 | Lair:5   | Found a staircase to the Slime Pits.
 34036 | Lair:5   | Found a viscous altar of Jiyva.
 34417 | Lair:6   | Entered Level 6 of the Lair of Beasts
 34621 | Lair:6   | Received a gift from Sif Muna
 34978 | Lair:6   | Reached skill level 10 in Fighting
 35628 | Lair:6   | Found a large runed translucent door.
 35628 | Lair:6   | Found a large runed translucent door.
 36269 | Orc:1    | Entered Level 1 of the Orcish Mines
 36429 | Orc:1    | Noticed Nergalle
 36440 | Orc:1    | Killed Nergalle
 36774 | Orc:1    | Reached XP level 16. HP: 111/123 MP: 23/23
 37049 | Orc:1    | Found a roughly hewn altar of Beogh.
 37061 | Orc:1    | Found Ziedim's Assorted Antiques.
 37084 | Orc:1    | Bought 2 potions of heal wounds for 290 gold pieces
 37084 | Orc:1    | Bought a scroll of identify for 58 gold pieces
 37164 | Orc:2    | Entered Level 2 of the Orcish Mines
 37450 | Orc:2    | Found a roughly hewn altar of Beogh.
 37461 | Orc:2    | Identified Sif Muna's Reference Book on Congealing Heat
                  | (Sif Muna gifted it to you on level 2 of the Orcish Mines)
 37461 | Orc:2    | Received a gift from Sif Muna
 37594 | Orc:2    | Found a staircase to the Elven Halls.
 38036 | Orc:2    | Found a roughly hewn altar of Beogh.
 38065 | Orc:2    | Found Zaxer's Antique Weapon Shoppe.
 38068 | Orc:2    | Found Iheisat's Jewellery Shoppe.
 38130 | Orc:2    | Found a roughly hewn altar of Beogh.
 38201 | Orc:2    | Found Yteypn's Food Emporium.
 38274 | Orc:2    | Found Inasy's Antique Armour Shoppe.
 38465 | Orc:2    | Found Raofi's General Store.
 38489 | Orc:2    | Bought a pair of glowing boots for 195 gold pieces
 38489 | Orc:2    | Bought a pair of embroidered gloves for 195 gold pieces
 38489 | Orc:2    | Bought a runed helmet for 195 gold pieces
 38569 | Orc:2    | Bought the ring of Datz {rElec rC+ Int+4} for 663 gold
                  | pieces
 38807 | Swamp:1  | Entered Level 1 of the Swamp
 38990 | Swamp:1  | Reached skill level 17 in Long Blades
 39591 | Swamp:1  | Received a gift from Sif Muna
 39633 | Swamp:1  | Identified a scroll of acquirement
 39639 | Swamp:1  | Identified the +1 great sword "Oredase" {drain, rC+++ MP+9
                  | Str+6 Dex-2} (You acquired it on level 1 of the Swamp)
 41224 | Swamp:3  | Reached skill level 10 in Invocations
 41677 | Swamp:3  | Reached XP level 17. HP: 130/137 MP: 24/24
 41844 | Swamp:4  | Entered Level 4 of the Swamp
 42018 | Swamp:4  | Found a large runed translucent door.
 42019 | Swamp:4  | Found a large runed translucent door.
 42047 | Swamp:4  | Noticed Donald
 42048 | Swamp:4  | Noticed Nikola
 42053 | Swamp:4  | Noticed kr4n3's ghost (adept DsFi)
 43120 | Swamp:4  | Received a gift from Sif Muna
 43531 | Swamp:4  | Noticed a thorn hunter
 43537 | Swamp:4  | Killed a thorn hunter
 43583 | Swamp:4  | Killed Nikola
 43583 | Swamp:4  | Reached skill level 18 in Long Blades
 43898 | Swamp:4  | Killed Donald
 44062 | Swamp:4  | Reached skill level 15 in Fighting
 44157 | Swamp:4  | Got a decaying rune of Zot
 44331 | Snake:1  | Entered Level 1 of the Snake Pit
 46045 | Snake:2  | Noticed Louise
 46058 | Snake:2  | Killed Louise
 46345 | Snake:2  | Noticed Vashnia
 46349 | Snake:2  | Reached XP level 18. HP: 142/151 MP: 27/27
 46720 | Snake:2  | Killed Vashnia
 47251 | Snake:2  | Identified Sif Muna's Disquisition on the Supportive Rocks
                  | (Sif Muna gifted it to you on level 2 of the Snake Pit)
 47251 | Snake:2  | Received a gift from Sif Muna
 47968 | Snake:3  | Noticed Aizul
 47981 | Snake:3  | Killed Aizul
 48949 | Snake:4  | Entered Level 4 of the Snake Pit
 50030 | Snake:4  | Reached skill level 19 in Long Blades
 50319 | Snake:4  | Identified Sif Muna's Disquisition on Torrid Poisoning (Sif
                  | Muna gifted it to you on level 4 of the Snake Pit)
 50319 | Snake:4  | Received a gift from Sif Muna
 50681 | Snake:4  | Reached XP level 19. HP: 110/161 MP: 22/29
 52493 | Snake:4  | Got a serpentine rune of Zot
 52790 | Vaults:1 | Entered Level 1 of the Vaults
 53353 | Vaults:1 | Gained mutation: Your body sometimes deteriorates upon
                  | taking damage. [a shining eye]
 53362 | Vaults:1 | Identified Sif Muna's Guide on Heat and Combat Magic (Sif
                  | Muna gifted it to you on level 1 of the Vaults)
 53362 | Vaults:1 | Received a gift from Sif Muna
 53434 | Vaults:1 | Found Favacs's Food Boutique.
 54253 | Vaults:1 | Reached XP level 20. HP: 168/168 MP: 31/31
 55027 | Vaults:2 | Reached skill level 15 in Invocations
 55032 | Vaults:2 | Received a gift from Sif Muna
 55112 | Vaults:2 | Found the +6 arbalest "Damnation" {damnation}
 55754 | Vaults:2 | Reached skill level 20 in Long Blades
 57086 | Vaults:2 | Found a staircase to the Crypt.
 57338 | Vaults:3 | Noticed Asterion
 57352 | Vaults:3 | Killed Asterion
 57831 | Vaults:3 | Noticed Boris
 57847 | Vaults:3 | Identified Veotsan's Handbook of the Venomous Traveller
                  | (Sif Muna gifted it to you on level 3 of the Vaults)
 57847 | Vaults:3 | Received a gift from Sif Muna
 58189 | Vaults:3 | Reached XP level 21. HP: 134/174 MP: 32/32
 58986 | Vaults:3 | HP: 8/174 [frost giant (illusionary)/+3 battleaxe of
                  | freezing (2)]
 58986 | Vaults:3 | Killed from afar by a frost giant

Levels and vault maps discovered:
D:1:      dpeg_arrival_lava_altar, layout_loops_ring
D:2:      layout_loops_cross, nicolae_overflow_crystal_walls,
          chequers_serial_rivers_micro_c
D:3:      layout_basic, first_ration
D:4:      layout_gridville, minmay_temple_entry_hall, serial_bayou_pond_b
D:5:      layout_cave_pools, trog_eyes_of_draining, kennysheep_mini,
          slow_altar_1, nicolae_qazlal_style_of_elements, serial_gnoll_camp,
          gnoll_camp_mini_house, gnoll_camp_mini_loothouse,
          gnoll_camp_mini_doghouse, gnoll_camp_mini_house
D:6:      layout_loops_corners
D:7:      layout_gridville, kennysheep_mini_moat,
          nicolae_overflow_hidden_temple, hellmonk_ghost_happy_afterlife,
          basic_altar, grunt_livestock, uniq_harold
D:8:      layout_basic, serial_shops, shop, nicolae_shop_crystal, shop, shop,
          kennysheep_little_box, uniq_psyche
D:9:      layout_small_grid, led_sif_book,
          kennysheep_orc_monster_closet_entryway, serial_shops, shop,
          corexii_hall_statues_s
D:10:     layout_irregular_city, lair_entry_dummy, serial_shops,
          nicolae_shop_window_shopping, nicolae_ru_awakened_eye
D:11:     layout_basic, serial_shops, shop_fountains
D:12:     layout_loops_ring, kennysheep_generic_room_5
D:13:     layout_small_grid, erik_vaults_1, serial_shops, shop,
          nicolae_shop_behind_doors, nicolae_shop_temple_entry_statues_fountains
D:14:     layout_big_octagon, evilmike_ruin_ashenzari
D:15:     grunt_enter_depths_giant_problem, layout_rooms,
          nicolae_twisting_strands, basic_altar
Temple:   eino_narrow_crystal_temple
Lair:1:   layout_loops_ring, beast_lair_carwin_3
Lair:2:   layout_misc_corridors, guppyfry_snake_entry_island,
          serial_bayou_shore_b, serial_bayou_shore_b, minmay_lair_oklob_chamber,
          uniq_fannar
Lair:3:   beast_lair_carwin_large_1, layout_hall_layers, swamp_mist,
          gauntlet_entry_generic, wad_woods_road_02, st_stairs_5, uniq_snorg,
          uniq_rupert, uniq_gastronok
Lair:4:   layout_small_grid, st_stairs_9
Lair:5:   layout_gridlike, slime_altar_1, special_room
          [special_room_mythical_zoo], lemuel_fruit_tree,
          infiniplex_staircase_pool_2, uniq_sonja
Lair:6:   cheibrodos_lair_end_hotspot, layout_regular_city
Swamp:1:  layout_falls_marsh, evilmike_swamp_ruin_house_5,
          infiniplex_staircase_pool
Swamp:2:  layout_falls_marsh, hangedman_swamp_ruin_wall
Swamp:3:  layout_basic_swamp, evilmike_swamp_ruin_rubble_1
Swamp:4:  swamp_basic_johnstein, layout_basic_swamp,
          ebering_ghost_disaster_area, uniq_nikola, uniq_donald
Snake:1:  layout_chambers, serial_bayou_crossing
Snake:2:  layout_misc_corridors, uniq_louise, uniq_vashnia
Snake:3:  layout_grid_shapes, drop_trap, uniq_aizul
Snake:4:  grunt_snake_rune_pools, layout_misc_corridors
Orc:1:    layout_caves, serial_shops, nicolae_shop_overgrown_old_shop,
          minmay_orc_temple_a, uniq_nergalle
Orc:2:    grunt_orc_cross, layout_caves, serial_shops, shop, basic_altar,
          mines2_david
Vaults:1: v_alt_pattern_4, v_misc_29, grunt_vaults_diagonal,
          ontoclasm_vaults_eye, hangedman_vaults_restitches, v_rooms_2,
          v_misc_17, nicolae_vaults_mini_display_case,
          hangedman_vaults_corner_blocks, hangedman_vaults_snaps,
          ontoclasm_vaults_pinch, layout_vaults_big_room, serial_shops,
          nicolae_shop_waterfront
Vaults:2: ontoclasm_vaults_shuriken, minmay_crypt_entry_simple_statues,
          grunt_vaults_funneled_arena, vaults_mumra_lcd, ontoclasm_vaults_spin,
          v_misc_28, vaults_dpeg_encased_lava, vaults_dpeg_hooks,
          vaults_mumra_hexcomb, ontoclasm_vaults_loading_screen,
          vaults_dpeg_cross, v_misc_18, v_misc_18, layout_vaults_maze_bifur
Vaults:3: hangedman_vaults_stagger, nicolae_vaults_twisting_passages,
          vaults_dpeg_doors, vaults_room_door_hall, grunt_vaults_twisty,
          v_pattern_2, hangedman_vaults_trim, vaults_room_grid, st_eye,
          vaults_room_large_hall, nicolae_vaults_theta,
          nicolae_vaults_little_squares_6, layout_vaults_big_cross, uniq_boris,
          uniq_asterion

Skill      XL: |  1  2  3  4  5  6  7  8  9 10 11 12 13 14 15 16 17 18 19 20 21 |
---------------+----------------------------------------------------------------+-----
Long Blades    | 3 4 5 7 9 11 12 13 14 15 16 17 18 19 20 | 20.4
Armour         | 2 3 5 6 7 9 10 11 12 | 12.8
Dodging        | 3 4 5 6 8 9 10 11 12 | 12.8
Throwing       | 1 2 |  2.0
Evocations     | 2 4 8 10 | 10.0
Invocations    | 2 7 10 12 13 14 15 16 | 16.0
Short Blades   | 2 |  2.1
Fighting       | 5 8 10 13 15 17 | 17.1
Spellcasting   | |  2.0
Charms         | |  3.1

Action                   |  1- 3 |  4- 6 |  7- 9 | 10-12 | 13-15 | 16-18 | 19-21 || total
-------------------------+-------+-------+-------+-------+-------+-------+-------++-------
Melee: Falchion          |   118 |   171 |   258 |   743 |       |       |       ||  1290
       Whip              |       |       |   193 |   220 |     2 |       |       ||   415
       Long sword        |       |       |       |   178 |       |       |       ||   178
       Great sword       |       |       |       |    71 |   846 |  1072 |   823 ||  2812
Throw: Dart              |       |    26 |    41 |   120 |    27 |       |       ||   214
       Javelin           |       |       |       |     7 |       |       |       ||     7
       Throwing net      |       |       |       |     7 |       |       |       ||     7
 Cast: Infusion          |     1 |       |       |       |       |       |       ||     1
 Abil: Evoke Berserk Rag |       |       |       |       |     2 |     4 |     7 ||    13
Evoke: Wand              |       |       |    11 |    32 |    27 |    18 |     2 ||    90
       Lamp of fire      |       |       |       |       |       |     2 |     1 ||     3
  Use: Potion            |       |     2 |       |     7 |     5 |     2 |     1 ||    17
       Scroll            |       |     7 |     4 |    19 |     9 |    15 |     6 ||    60
 Stab: Sleeping          |     1 |       |       |       |     1 |       |       ||     2
       Paralysed         |       |       |       |     5 |       |     6 |       ||    11
       Held in net/web   |       |       |       |     3 |       |       |       ||     3
  Eat: Chunk             |     1 |     7 |     9 |    14 |    14 |     9 |     7 ||    61
       Ration            |       |     2 |     2 |    10 |    10 |    12 |     8 ||    44
Armor: Leather armour    |    37 |    21 |       |       |       |       |       ||    58
       Scale mail        |       |    49 |       |       |       |       |       ||    49
       Chain mail        |       |    42 |   328 |   506 |   421 |   543 |   371 ||  2211
Dodge: Dodged            |    87 |   108 |   286 |   588 |   940 |   907 |   611 ||  3527
       Rpst.: Falchion   |    23 |    41 |    41 |    91 |       |       |       ||   196
       Long sword        |       |       |       |    29 |       |       |       ||    29
       Great sword       |       |       |       |     9 |   219 |   202 |   125 ||   555

Table legend:
 A = Non-vault XP
 B = Vault XP
 C = Vault XP percentage of total XP
 D = Non-vault monster count
 E = Vault monster count
 F = Vault count percentage of total count
                 A         B        C        D         E       F
            +---------+---------+-------+---------+---------+-------
      Total |  245675 |  195481 |  44.3 |     907 |     380 |  29.5
            +---------+---------+-------+---------+---------+-------
        D:1 |      25 |       0 |   0.0 |      18 |       0 |   0.0
        D:2 |      60 |       0 |   0.0 |      23 |       0 |   0.0
        D:3 |     154 |       0 |   0.0 |      31 |       0 |   0.0
        D:4 |     288 |     217 |  43.0 |      10 |       8 |  44.4
        D:5 |     560 |     602 |  51.8 |      18 |      16 |  47.1
        D:6 |      91 |     189 |  67.5 |       2 |       1 |  33.3
        D:7 |     973 |    1810 |  65.0 |      24 |       5 |  17.2
        D:8 |    1405 |     434 |  23.6 |      24 |       1 |   4.0
        D:9 |    2802 |    1327 |  32.1 |      27 |      20 |  42.6
       D:10 |    5520 |       0 |   0.0 |      46 |       0 |   0.0
       D:11 |    3195 |       0 |   0.0 |      27 |       0 |   0.0
       D:12 |    4262 |       0 |   0.0 |      16 |       0 |   0.0
       D:13 |   12286 |    1808 |  12.8 |      46 |       2 |   4.2
       D:14 |    5726 |       0 |   0.0 |      21 |       0 |   0.0
       D:15 |    7432 |    1800 |  19.5 |      25 |       1 |   3.8
     Lair:1 |    3338 |     477 |  12.5 |      15 |       3 |  16.7
     Lair:2 |    2024 |    1747 |  46.3 |       9 |       6 |  40.0
     Lair:3 |    2840 |    9396 |  76.8 |      12 |      16 |  57.1
     Lair:4 |    3987 |    3726 |  48.3 |      16 |      12 |  42.9
     Lair:5 |    4312 |    3583 |  45.4 |      20 |      11 |  35.5
     Lair:6 |    7291 |    7380 |  50.3 |      29 |      24 |  45.3
    Swamp:1 |   13849 |       0 |   0.0 |      44 |       0 |   0.0
    Swamp:2 |    9026 |       0 |   0.0 |      25 |       0 |   0.0
    Swamp:3 |    9637 |       0 |   0.0 |      24 |       0 |   0.0
    Swamp:4 |   10162 |   24509 |  70.7 |      25 |      33 |  56.9
    Snake:1 |   13018 |       0 |   0.0 |      24 |       0 |   0.0
    Snake:2 |   16103 |   10747 |  40.0 |      32 |       7 |  17.9
    Snake:3 |   11764 |    1713 |  12.7 |      29 |       1 |   3.3
    Snake:4 |   19334 |   38894 |  66.8 |      36 |      58 |  61.7
      Orc:1 |    4147 |     936 |  18.4 |      42 |      12 |  22.2
      Orc:2 |    1794 |    8125 |  81.9 |      35 |      40 |  53.3
   Vaults:1 |   35347 |   11018 |  23.8 |      64 |      29 |  31.2
   Vaults:2 |   10012 |   36939 |  78.7 |      18 |      43 |  70.5
   Vaults:3 |   22911 |   25996 |  53.2 |      50 |      24 |  32.4
   Gauntlet |       0 |    2108 | 100.0 |       0 |       7 | 100.0
            +---------+---------+-------+---------+---------+-------
